 Dungeon Crawl Stone Soup version 0.17-a0-2093-gc772f4b (webtiles) character file.

319 Kidiri the Ducker (level 6, 0/38 HPs)
             Began as a High Elf Fire Elementalist on Oct 16, 2015.
             Killed by divine providence
             ... invoked by an orc priest
              (13 damage)
             ... on level 3 of the Dungeon.
             The game lasted 00:18:25 (5525 turns).

Kidiri the Ducker (High Elf Fire Elementalist)      Turns: 5525, Time: 00:18:25

Health: 0/38       AC:  3    Str:  7    XL:     6   Next: 21%
Magic:  1/12       EV: 13    Int: 21    God:
Gold:   158        SH:  0    Dex: 16    Spells: 4 memorised, 3 levels left

rFire  . . .     SeeInvis .     n - +0 club
rCold  . . .     Clarity  .     d - +0 leather armour
rNeg   . . .     SustAt   .     (no shield)
rPois  .         Gourm    .     (no helmet)
rElec  .         Spirit   .     (no cloak)
rCorr  .         Warding  .     (no gloves)
rMut   .         Stasis   .     (no boots)
MR     .....                    (no amulet)
Stlth  ++........               (no ring)
                                (no ring)

@: very slightly contaminated, not resistant to hostile enchantments, unstealthy
A: no striking features
a: no special abilities


You were on level 3 of the Dungeon.
You were not hungry.

You visited 1 branch of the dungeon, and saw 3 of its levels.

You collected 158 gold pieces.

Inventory:

Hand Weapons
 n - a +0 club (weapon)
Armour
 d - a +0 leather armour (worn)
 e - a +0 ring mail
Jewellery
 a - a cursed ring of loudness {unknown}
 k - an uncursed ring of ice
Scrolls
 f - a scroll of amnesia {unknown}
 g - a scroll of enchant armour {unknown}
 i - a scroll of fear {unknown}
 j - 3 scrolls of identify {unknown}
 l - a scroll of magic mapping {unknown}
 o - a scroll of blinking
 p - a scroll of fog {unknown}
 r - a scroll of remove curse {unknown}
Potions
 h - 2 potions of ambrosia
Books
 b - a book of Flames

   Spells                             Type                      Level
   a - Flame Tongue                   Conjuration/Fire             1
   b - Throw Flame                    Conjuration/Fire             2
   c - Conjure Flame                  Conjuration/Fire             3
   d - Inner Flame                    Hexes/Fire                   3
   e - Sticky Flame                   Conjuration/Fire             4
   f - Fireball                       Conjuration/Fire             5
Comestibles
 c - 4 bread rations
 q - 4 chunks of flesh


   Skills:
 + Level 1.6 Fighting
 + Level 1.2 Maces & Flails
 + Level 1.1 Armour
 * Level 4.0 Dodging
 + Level 2.7 Stealth
 * Level 3.7 Spellcasting
 + Level 2.1 Conjurations
 + Level 0.6 Hexes
 * Level 3.8 Fire Magic


You had 3 spell levels left.
You knew the following spells:

 Your Spells              Type           Power        Failure   Level  Hunger
a - Flame Tongue          Conj/Fire      ###..        8%          1    None
b - Throw Flame           Conj/Fire      ###...       12%         2    ##.....
c - Conjure Flame         Conj/Fire      ###.....     21%         3    ###....
d - Inner Flame           Hex/Fire       ##......     24%         3    ###....


Dungeon Overview and Level Annotations

Branches:
Dungeon (3/15)

Altars:
Ashenzari
Dithmenos
Ru
The Shining One

Annotations:
D:3 Rayvis's ghost, amateur OpAs


Message History

Drink which item? (? for menu, Esc to quit)
You feel better.
The orc priest calls upon Beogh to heal the orc priest.
The orc priest is healed somewhat.
The orc priest mumbles some strange prayers to Beogh against you.
Something smites you!
Unknown command.
Drink which item? (? for menu, Esc to quit)
Okay, then.
Unknown command.
You hit the orc priest.
The orc priest is heavily wounded.
The orc priest hits you but does no damage.
The orc priest hits you.
Unknown command.
You hit the orc priest.
The orc priest is heavily wounded.
The orc priest invokes the aid of Beogh against you.
Something smites you!
You die...

.......##...#.#...#
...###........#..##
..o.#####.....(..# (.o.##
#...##...## ..o.<##
#.........#
......###.##......#
.............)....##
.........#.#.....o.##
......####......@o..#
#...#######.#######.......
#...........####. ......>
.................# .......
..#........#.......#.#####
#################.o ). #
... ...


You could see 2 orc priests.

Vanquished Creatures
  An orc wizard (D:3)
  An orc priest (D:2)
  A worker ant (D:3)
  8 adders
  7 gnolls (D:2)
  2 worms (D:2)
  4 giant geckos (D:2)
  12 orcs
  3 giant cockroaches
  6 hobgoblins
  A quokka (D:2)
  14 bats
  4 giant newts
  7 goblins
  11 kobolds
  12 rats
94 creatures vanquished.

Notes
Turn   | Place    | Note
--------------------------------------------------------------
     0 | D:1      | Kidiri the High Elf Fire Elementalist began the quest for the Orb.
     0 | D:1      | Reached XP level 1. HP: 11/11 MP: 4/4
   503 | D:1      | Reached XP level 2. HP: 18/18 MP: 3/6
   507 | D:1      | Learned a level 2 spell: Throw Flame
   982 | D:2      | Found a faded altar to an unknown god.
  1191 | D:2      | Reached XP level 3. HP: 22/22 MP: 2/8
  1207 | D:2      | Learned a level 3 spell: Conjure Flame
  1516 | D:2      | Reached skill level 1 in Fighting
  1521 | D:2      | Reached XP level 4. HP: 26/28 MP: 3/9
  2129 | D:1      | Learned a level 3 spell: Inner Flame
  2351 | D:2      | Found a shattered altar of Ashenzari.
  2456 | D:2      | Found a shadowy altar of Dithmenos.
  2495 | D:2      | Found a sacrificial altar of Ru.
  2506 | D:2      | Found a glowing golden altar of the Shining One.
  2737 | D:2      | Reached skill level 1 in Maces & Flails
  2737 | D:2      | Reached XP level 5. HP: 33/33 MP: 3/10
  3583 | D:3      | Noticed Rayvis's ghost (amateur OpAs)
  4200 | D:3      | Reached skill level 1 in Armour
  4868 | D:3      | Reached XP level 6. HP: 38/38 MP: 4/12
  5239 | D:3      | Reached skill level 4 in Dodging
  5525 | D:3      | Killed from afar by an orc priest

Vault maps used:
D:1:      matt_arrival_spirals, grunt_decor_one_mirror, nrook_uturn
D:2:      grunt_temple_overflow_cloverleaf, ecumenical_altar_2, first_bread

Action                   |  1- 3 |  4- 6 || total
-------------------------+-------+-------++-------
Melee: Unarmed           |     1 |       ||     1
       Club              |    12 |    47 ||    59
Throw: Throwing net      |     2 |       ||     2
 Cast: Flame Tongue      |    43 |    54 ||    97
       Throw Flame       |     7 |    80 ||    87
       Conjure Flame     |     1 |     2 ||     3
  Use: Potion            |     1 |     6 ||     7
       Scroll            |       |     1 ||     1
 Stab: Held in net/web   |     1 |       ||     1
  Eat: Chunk             |     2 |     5 ||     7
       Pizza             |       |     1 ||     1
       Meat ration       |       |     2 ||     2
       Beef jerky        |       |     1 ||     1
